 Dungeon Crawl Stone Soup version 0.19-b1-3-g7dea586 (webtiles) character file.

18321 Eviona the Severer (level 12, -8/106 HPs)
             Began as a Hill Orc Fighter on Oct 28, 2016.
             Was an Elder of Beogh.
             Mangled by a salamander
             ... wielding a +2 halberd
              (11 damage)
             ... on level 1 of the Snake Pit.
             The game lasted 00:42:54 (15864 turns).

Eviona the Severer (Hill Orc Fighter)              Turns: 15864, Time: 00:42:55

Health: -8/106     AC: 18    Str: 24    XL:     12   Next: 57%
Magic:  21/21      EV:  6    Int:  8    God:    Beogh [****..]
Gold:   181        SH: 14    Dex: 10    Spells: 0 memorised, 11 levels left

rFire  . . .     SeeInvis .     Q - +3 war axe (chop)
rCold  . . .     Gourm    .     W - +0 plate armour
rNeg   + . .     Faith    .     c - +0 shield
rPois  .         Spirit   .     w - +1 helmet
rElec  .         Reflect  +     (no cloak)
rCorr  .         Harm     .     o - +0 pair of gloves
MR     .....                    (no boots)
Stlth  ..........               n - +3 amulet of reflection
                                h - ring of magical power
                                g - ring of positive energy

@: no status effects
A: no striking features
a: Smiting, Recall Orcish Followers, Renounce Religion


You were on level 1 of the Snake Pit.
You worshipped Beogh.
Beogh was greatly pleased with you.
You were hungry.

You visited 4 branches of the dungeon, and saw 15 of its levels.
You also visited: Ice Cave.

You collected 181 gold pieces.

Inventory:

Hand Weapons
 Q - a +3 war axe of chopping (weapon)
Missiles
 p - 4 tomahawks (quivered)
Armour
 c - a +0 shield (worn)
 o - a +0 pair of gloves (worn)
 w - a +1 helmet (worn)
 W - a +0 plate armour (worn)
Jewellery
 g - a ring of positive energy (left hand)
 h - a ring of magical power (right hand)
 n - a +3 amulet of reflection (around neck)
 B - an uncursed ring of fire
 J - an uncursed amulet of rage {unknown}
 M - a cursed -4 ring of protection {unknown}
 P - an uncursed ring of see invisible
 R - the ring "Qiahi" {rElec MR+ Int+5 Dex+2 Slay-4, unknown}
   (You took it off an orc warrior on level 9 of the Dungeon)

   [ring of protection from magic]

   It affects your intelligence (+5).
   It affects your dexterity (+2).
   It affects your accuracy and damage with ranged weapons and melee attacks
   (-4).
   It insulates you from electricity.
   It affects your resistance to hostile enchantments.
 X - a cursed +3 ring of intelligence {unknown}
 Z - an uncursed ring of protection from fire {unknown}
Wands
 s - a wand of acid (6/15)
 G - a wand of flame (7/48)
 K - a wand of iceblast (7/15)
 N - a wand of random effects (30/48)
 O - a wand of flame (48/48)
Scrolls
 q - 4 scrolls of teleportation
 u - 11 scrolls of identify
 x - 2 scrolls of enchant armour
 A - 4 scrolls of amnesia
 C - 2 scrolls of remove curse
 F - 2 scrolls of recharging
 H - a scroll of enchant weapon
 L - a scroll of noise
Potions
 d - 7 potions of might
 e - a potion of agility
 k - 3 potions of mutation {unknown}
 l - 3 potions of degeneration {unknown}
 r - 2 potions of magic {unknown}
 t - 3 potions of heal wounds {unknown}
 v - a potion of brilliance {unknown}
 z - 2 potions of cancellation {unknown}
 D - a potion of berserk rage {unknown}
 E - 3 potions of curing
 T - a potion of ambrosia {unknown}
 U - 2 potions of lignification {unknown}
 V - a potion of resistance {unknown}
 Y - 3 potions of flight {unknown}
Comestibles
 f - 13 bread rations
 i - 8 fruits
 j - 8 meat rations
 m - a slice of pizza
 I - 2 beef jerkies
 S - a royal jelly


   Skills:
 - Level 10.0 Fighting
 - Level 18.4 Axes
 - Level 10.0 Armour
 + Level 8.5 Shields


You had 11 spell levels left.
You didn't know any spells.

Dungeon Overview and Level Annotations

Branches:
Dungeon (10/15)            Temple (1/1) D:4            Lair (3/6) D:9
  Snake (1/4) Lair:2
  Swamp: Lair:2-4    Shoals: Lair:2-4       Orc: D:9-12

Altars:
Ashenzari
Cheibriados
Dithmenos
Elyvilon
Fedhas
Gozag
Hepliaklqana
Kikubaaqudgha
Makhleb
Nemelex Xobeh
Okawaru
Qazlal
Ru
Sif Muna
Trog
Uskayaw
Vehumet
Xom
Yredelemnul
Zin
The Shining One

Shops:
D:8 (

Annotations:
D:5 2 runed doors
D:8 Maurice


Message History

The salamander hits your orc knight with an enchanted spear!
Your orc knight is engulfed in flames!
Your orc knight dies!
You feel sick.
You are no longer poisoned.
The salamander hits your orc knight with an enchanted spear.
Your orc knight is engulfed in flames!
You block the salamander's attack.
The salamander hits you from afar with an enchanted spear.
* * * LOW HITPOINT WARNING * * *
You are engulfed in flames!
* * * LOW HITPOINT WARNING * * *
The salamander mystic points at the salamander and mumbles some strange words.
The salamander seems to speed up.
The salamander hits you but does no damage.
Your orc priest no longer looks unusually strong.
The salamander hits you from afar with an enchanted halberd.
* * * LOW HITPOINT WARNING * * *
You are engulfed in flames!
You die...

#.## .. #..# ##.#
#..##.. #....# ##...##
##...N.####.# #
##...NN..NNN.#
#.##....N####N......
#.....@## ###....
##..o..## ...
#.......## .. .
#)####o...## #. .. #
#.....####.# ..
##.....##..# .#
##.......#..# ..
####..#.......#######..
#....####...#.........#


You could see a salamander mystic, 3 salamanders, a friendly orc knight and a
friendly orc priest.

Vanquished Creatures
  The ghost of nithck the Bludgeoner, a journeyman MiMo of the Shining One (Lair:2)
  A catoblepas (Lair:2)
  The ghost of rgaf the Covert, a journeyman HaAs of Okawaru (D:9)
  Pikel (D:7)
  2 salamanders (Snake:1)
  Joseph (D:8)
  3 black mambas
  2 spiny frogs
  2 rime drakes (Lair:1)
  2 komodo dragons
  7 polar bears (IceCv)
  Grinder (D:3)
  5 hippogriffs
  A wyvern (Lair:1)
  A spriggan (D:8)
  11 yaks
  A basilisk (Lair:1)
  6 water moccasins
  A porcupine (Lair:1)
  Duvessa (D:7)
  2 sky beasts
  A swamp drake (D:9)
  A necrophage (D:9)
  2 orc warriors
  A phantom (D:6)
  2 ice beasts (D:8)
  6 wolves
  5 ogres
  A big kobold (D:9)
  7 crocodiles
  11 bullfrogs
  Dowan (D:7)
  3 scorpions
  11 killer bees
  4 crimson imps
  A centaur zombie (D:7)
  7 jellies
  4 orc priests
  A centaur skeleton (D:8)
  A hound (D:4)
  8 orc wizards
  5 iguanas
  6 worker ants
  2 hound zombies (D:7)
  3 worker ant zombies
  Robin (D:3)
  9 adders
  4 shadow imps
  An ooze (D:5)
  An adder skeleton (D:7)
  2 dart slugs (D:1)
  2 worms (D:2)
  3 leopard geckos
  30 orcs
  6 giant cockroaches
  17 hobgoblins
  14 jackals
  5 quokkas
  4 ball pythons
  5 bats
  5 frilled lizards
  A giant cockroach zombie (D:5)
  18 goblins
  A jackal zombie (D:8)
  12 kobolds
  A quokka zombie (D:5)
  10 rats
  A fungus (Lair:2)
  A plant (Lair:2)
301 creatures vanquished.

Vanquished Creatures (collateral kills)
  A naga warrior (Snake:1)
  An anaconda (Snake:1)
  A black mamba (Snake:1)
  3 spiny frogs
  3 rime drakes
  A komodo dragon (Lair:2)
  A hippogriff (Lair:3)
  A basilisk (Lair:1)
  A naga (Snake:1)
  A water moccasin (Lair:2)
  A porcupine (Lair:3)
  An orc warrior (D:9)
  A necrophage (D:10)
  A wolf (Lair:2)
  2 crocodiles (Lair:2)
  A bullfrog (Lair:3)
  An electric eel (Lair:1)
  A fungus (Lair:1)
23 creatures vanquished.

Vanquished Creatures (others)
  An orc knight (Snake:1)
  An orc wizard (Lair:2)
  2 slaves (D:7)
  2 orc warriors
  2 orc priests
  A killer bee (D:7)
  A hound skeleton (D:7)
  8 orcs
  A fire vortex (Lair:1)
19 creatures vanquished.

Grand Total: 343 creatures vanquished

Notes
Turn   | Place    | Note
-------+----------+-------------------------------------------
     0 | D:1      | Eviona the Hill Orc Fighter began the quest for the Orb.
     0 | D:1      | Reached XP level 1. HP: 19/19 MP: 1/1
    18 | D:1      | Reached skill level 3 in Axes
   167 | D:1      | Reached XP level 2. HP: 26/26 MP: 2/2
   334 | D:1      | Reached skill level 4 in Axes
   398 | D:1      | Reached XP level 3. HP: 20/31 MP: 3/3
   780 | D:1      | Reached skill level 5 in Axes
  1095 | D:2      | Reached XP level 4. HP: 12/39 MP: 4/4
  1508 | D:2      | Found a hide-covered altar of Uskayaw.
  2152 | D:3      | Found a faded altar of an unknown god.
  2274 | D:3      | Noticed Grinder
  2290 | D:3      | Killed Grinder
  2290 | D:3      | Reached skill level 8 in Axes
  2290 | D:3      | Reached XP level 5. HP: 18/45 MP: 5/5
  2290 | D:3      | Reached XP level 6. HP: 21/51 MP: 6/6
  2490 | D:3      | Noticed Robin
  2516 | D:3      | Killed Robin
  2947 | D:3      | Found a sacrificial altar of Ru.
  3414 | D:4      | Noticed a sky beast
  3561 | D:4      | Found a staircase to the Ecumenical Temple.
  3671 | Temple   | Entered the Ecumenical Temple
  3777 | D:4      | Became a worshipper of Beogh the Brigand
  3959 | D:4      | Killed a sky beast
  3959 | D:4      | Reached skill level 9 in Axes
  3959 | D:4      | Reached XP level 7. HP: 45/57 MP: 7/7
  4122 | D:4      | Reached skill level 10 in Axes
  4342 | D:4      | Found a white marble altar of Elyvilon.
  4486 | D:5      | Entered Level 5 of the Dungeon
  4520 | D:5      | Found a stormy altar of Qazlal.
  4625 | D:5      | Found an ancient bone altar of Kikubaaqudgha.
  4663 | D:5      | Found a bloodstained altar of Trog.
  4724 | D:5      | Reached skill level 5 in Armour
  4875 | D:5      | Found a runed door.
  5140 | D:5      | Found a runed door.
  5416 | D:6      | Reached XP level 8. HP: 64/64 MP: 8/8
  5448 | D:6      | Reached * piety under Beogh
  6570 | D:7      | Reached XP level 9. HP: 65/70 MP: 9/9
  6649 | D:7      | Noticed Duvessa
  6651 | D:7      | Noticed Dowan
  6661 | D:7      | Killed Duvessa
  6661 | D:7      | Reached skill level 10 in Armour
  6666 | D:7      | Killed Dowan
  6796 | D:7      | Reached skill level 5 in Fighting
  6938 | D:7      | Reached ** piety under Beogh
  7297 | D:7      | Noticed Pikel
  7318 | D:7      | Killed Pikel
  8462 | D:8      | Noticed Joseph
  8488 | D:8      | Killed Joseph
  8488 | D:8      | Reached skill level 10 in Fighting
  8488 | D:8      | Reached XP level 10. HP: 28/93 MP: 10/10
  8753 | D:8      | Noticed Maurice
  9088 | D:8      | Reached skill level 11 in Axes
  9143 | D:8      | Found an opulent altar of Gozag.
  9143 | D:8      | Found an iron altar of Okawaru.
  9143 | D:8      | Found a radiant altar of Vehumet.
  9351 | D:8      | Found Giepurue's Antique Weapon Shoppe.
  9710 | D:9      | Noticed rgaf's ghost (journeyman HaAs)
  9716 | D:9      | Paralysed by rgaf's ghost for 5 turns
  9870 | D:9      | Reached *** piety under Beogh
  9870 | D:9      | Reached skill level 12 in Axes
  9938 | D:9      | Reached skill level 13 in Axes
 10278 | D:9      | Killed rgaf's ghost
 10559 | D:9      | Reached skill level 14 in Axes
 11171 | D:9      | Found a bloodstained altar of Trog.
 11295 | D:9      | Reached XP level 11. HP: 99/99 MP: 11/11
 11364 | D:9      | HP: 3/99 [swamp drake] (2)]
 11371 | D:9      | Found a staircase to the Lair.
 11377 | Lair:1   | Entered Level 1 of the Lair of Beasts
 11388 | Lair:1   | Reached skill level 15 in Axes
 11802 | D:9      | Got a shimmering jade ring
 11935 | D:9      | Gained Bogwald as an ally
 12013 | D:10     | Entered Level 10 of the Dungeon
 12335 | Lair:1   | Found a deep blue altar of Sif Muna.
 12512 | Lair:1   | Reached skill level 16 in Axes
 13682 | Lair:1   | Reached **** piety under Beogh
 13728 | Lair:2   | Found a staircase to the Snake Pit.
 13771 | Lair:2   | Reached skill level 17 in Axes
 13815 | Lair:2   | Noticed nithck's ghost (journeyman MiMo)
 13828 | Lair:2   | Killed nithck's ghost
 13850 | Lair:2   | Found a basalt altar of Yredelemnul.
 13907 | Lair:2   | Noticed a catoblepas
 13919 | Lair:2   | Your ally Bogwald died
 13924 | Lair:2   | Killed a catoblepas
 14083 | Lair:2   | Found a frozen archway.
 14097 | IceCv    | Entered an ice cave
 14106 | IceCv    | Reached skill level 18 in Axes
 14107 | IceCv    | Reached XP level 12. HP: 85/106 MP: 12/12
 14395 | IceCv    | Reached skill level 5 in Shields
 15447 | Snake:1  | Entered Level 1 of the Snake Pit
 15682 | Snake:1  | Noticed a naga warrior
 15694 | Snake:1  | Killed a naga warrior
 15839 | Snake:1  | Noticed an anaconda
 15845 | Snake:1  | Killed an anaconda
 15864 | Snake:1  | HP: 3/106 [salamander/enchanted halberd (6)]
 15864 | Snake:1  | Mangled by a salamander

Skill      XL: |  1  2  3  4  5  6  7  8  9 10 11 12 |
---------------+-------------------------------------+-----
Axes           | 3 4 5 8 9 10 14 18 | 18.4
Armour         | 6 9 10 | 10.0
Fighting       | 10 | 10.0
Shields        | 8 |  8.5

Action                   |  1- 3 |  4- 6 |  7- 9 | 10-12 || total
-------------------------+-------+-------+-------+-------++-------
Melee: War axe           |   143 |   138 |   435 |   584 ||  1300
Invok: Convert to Beogh  |       |     1 |       |       ||     1
       Smiting           |       |       |     5 |     7 ||    12
       Recall Orcish Fol |       |       |       |     1 ||     1
  Use: Scroll            |     1 |     3 |     5 |     6 ||    15
       Potion            |       |       |       |     1 ||     1
 Stab: Distracted        |       |       |       |     4 ||     4
       Confused          |       |       |       |     3 ||     3
  Eat: Chunk             |     1 |     9 |    14 |    23 ||    47
       Pizza             |       |       |       |     1 ||     1
Armor: Scale mail        |    63 |    66 |   158 |   129 ||   416
       Plate armour      |       |       |       |   104 ||   104
Dodge: Dodged            |    40 |    45 |    93 |   102 ||   280
Block: Shield            |    56 |    73 |   152 |   239 ||   520
       Reflection        |       |       |       |     1 ||     1
